 Dungeon Crawl Stone Soup version 0.31-b1-20-g67cafac56d (webtiles) character file.

Game seed: 10474258667632459152

24 monsoonserge the Trooper (level 3, 0/40 HPs)
             Began as an Oni Fighter on Jan 17, 2024.
             Slain by a gnoll
             ... wielding a +0 halberd
              (8 damage)
             ... on level 2 of the Dungeon.
             The game lasted 00:02:16 (1053 turns).

monsoonserge the Trooper (Oni Fighter)              Turns: 1053, Time: 00:02:17

Health: 0/40       AC:  3    Str: 22    XL:     3   Next: 2%
Magic:  3/3        EV:  8    Int:  9    God:
Gold:   69         SH:  7    Dex:  8    Spells: 2/2 levels left

rFire   . . .        a - +0 flail
rCold   . . .        c - +0 kite shield
rNeg    . . .        b - +0 robe
rPois   .            (helmet restricted)
rElec   .            (no cloak)
rCorr   .            (gloves unavailable)
SInv    .            (boots unavailable)
Will    .....        (no amulet)
Stlth   +            (no ring)
HPRegen 0.26/turn    (no ring)
MPRegen 0.08/turn

%: no passive effects
@: no status effects
A: large, unfitting armour, horns 1, tough skin 1, double potion healing,
drunken brawling
a: no special abilities


You were on level 2 of the Dungeon.
You visited 1 branch of the dungeon, and saw 2 of its levels.

You collected 69 gold pieces.

Inventory:

Hand Weapons
 a - a +0 flail (weapon)
Armour
 b - a +0 robe (worn)
 c - a +0 kite shield (worn)
Talismans
 k - a flux talisman
Scrolls
 e - a scroll of brand weapon {unknown}
 f - a scroll of torment {unknown}
 h - a scroll of blinking {unknown}
 j - a scroll of teleportation {unknown}
 l - a scroll of revelation {unknown}
Potions
 d - a potion of might
 g - a potion of degeneration {unknown}
 i - a potion of lignification {unknown}


   Skills:
 + Level 4.5 Fighting
 + Level 2.3 Maces & Flails
 + Level 2.9 Dodging
 + Level 2.9 Shields


You had 2 spell levels left.
You didn't know any spells.
Your spell library was empty.

Dungeon Overview and Level Annotations

Branches:
Dungeon (2/15)

Altars:

Annotations:
D:2 Terence


Innate Abilities, Weirdness & Mutations

You are too large for most types of armour.
You have a pair of small horns on your head.
You have tough skin. (AC +1)
You gain doubled healing and magic from potions.
Whenever you drink a healing potion, you attack all around you.


Message History

You barely miss the gnoll.
The gnoll is moderately wounded.
You block the gnoll's attack.
You thump the gnoll!
You kill the gnoll!
You have reached level 3!
Your experience leads to an increase in your attributes!
Increase (S)trength, (I)ntelligence, or (D)exterity?
You feel stronger. x3
You see here a +0 whip.
There is a stone staircase leading down here.
You start resting.
HP restored.
You climb downwards.
Level annotation: Terence The gnoll shouts!
The frilled lizard closely misses you.
There is a stone staircase leading up here.
You miss the frilled lizard. The frilled lizard closely misses you.
You block the frilled lizard's attack.
You barely miss the frilled lizard. You block the frilled lizard's attack.
You closely miss the frilled lizard. You block the frilled lizard's attack.
You miss the frilled lizard.
Your headbutt misses the frilled lizard.
The gnoll hits you from afar with a +0 halberd.
The frilled lizard closely misses you. You block the gnoll's attack.
The frilled lizard closely misses you.
You miss the frilled lizard.
Your headbutt misses the frilled lizard.
The gnoll hits you from afar with a +0 halberd!
The frilled lizard bites you.
You miss the frilled lizard.
Your headbutt misses the frilled lizard.
The gnoll hits you from afar with a +0 halberd!
A gnoll comes into view. It is wielding a +0 spear.
The frilled lizard bites you. You block the frilled lizard's attack.
The gnoll hits you from afar with a +0 halberd!
* * * LOW HITPOINT WARNING * * *
The gnoll hits you from afar with a +0 halberd!
You die...

.. ..##
.#### #....
....#....##
:..#..g..#
##..#....#
#...g...#
#..l....#
#..@...)#
#..........#
#$##....>:.#
.........#
.##.......#
# #########


You could see 2 gnolls and a frilled lizard.

Vanquished Creatures
  A gnoll (D:1)
  4 ball pythons
  A bat (D:1)
  An endoplasm (D:1)
  2 giant cockroaches (D:1)
  A goblin (D:1)
  A quokka (D:1)
  2 kobolds (D:1)
  A rat (D:1)
14 creatures vanquished.

Notes
Turn   | Place    | Note
-------+----------+-------------------------------------------
     0 | D:1      | monsoonserge the Oni Fighter began the quest for the Orb.
     0 | D:1      | Reached XP level 1. HP: 24/24 MP: 1/1
   292 | D:1      | Reached XP level 2. HP: 30/32 MP: 2/2
   851 | D:2      | Noticed Terence
   977 | D:1      | Reached XP level 3. HP: 22/40 MP: 3/3
  1053 | D:2      | Slain by a gnoll

Illustrated notes

Levels and vault maps discovered:
D:1:      dpeg_arrival_tiny_a, layout_basic, kennysheep_boxes
D:2:      layout_loops_ring, uniq_terence

Action                     || total
---------------------------++-------
  Melee: Flail             ||    54
         Headbutt          ||     6
   Stab: Sleeping          ||     1
 Armour: Robe              ||    42
  Dodge: Dodged            ||    32
  Block: Kite shield       ||    32
